 Dungeon Crawl Stone Soup version 0.25-a0-44-g29a1220a87 (webtiles) character file.

Game seed: 15441614146683697286, levelgen mode: deterministic

58 iamserjio the Scratcher (level 3, -9/17 HPs)
             Began as a Felid Wanderer on Oct 24, 2019.
             Killed from afar by an orc wizard (10 damage)
             ... with a magic dart
             ... on level 3 of the Dungeon.
             The game lasted 00:02:26 (2372 turns).

iamserjio the Scratcher (Felid Wanderer)            Turns: 2372, Time: 00:02:26

Health: -9/17      AC:  1    Str:  6    XL:     3   Next: 75%
Magic:  4/4        EV: 18    Int: 11    God:
Gold:   121        SH:  0    Dex: 20    Spells: 2/2 levels left
                                        Lives:  0   Deaths: 0

rFire    . . .     SeeInvis +     - Unarmed
rCold    . . .     Gourm    .   (shield unavailable)
rNeg     . . .     Faith    .   (armour unavailable)
rPois    .         Spirit   .   (helmet unavailable)
rElec    .         Reflect  .   (cloak unavailable)
rCorr    .         Harm     .   (gloves unavailable)
MR       .....                  (boots unavailable)
Stlth    +++.......             (no amulet)
HPRegen  0.05/turn              g - ring of stealth
MPRegen  0.09/turn              r - ring of attention (curse)

@: quick
A: very small, no armour, no weapons or thrown items, stealth, claws 1, fangs 3,
see invisible, carnivore, speed 1, shaggy fur 1, slow metabolism 1, sharp paws
a: no special abilities


You were on level 3 of the Dungeon.
You were completely stuffed.

You visited 1 branch of the dungeon, and saw 3 of its levels.

You collected 121 gold pieces.

Inventory:

Missiles
 l - 47 arrows
Jewellery
 g - a ring of stealth (left paw)
 r - a cursed ring of attention (right paw)
Scrolls
 a - 2 scrolls of fear
 b - a scroll of blinking
 e - a scroll of identify {@r1}
 j - a scroll of amnesia
 k - a scroll of magic mapping
 n - a scroll of immolation
Potions
 c - 2 potions of lignification
 d - a potion of curing {@q1}
 h - a potion of haste
 i - 2 potions of agility {unknown}
 m - 2 potions of heal wounds {unknown}
 o - a potion of mutation {unknown}
Comestibles
 f - 6 rations
 p - 2 chunks of flesh


   Skills:
 - Level 3.0 Fighting
 + Level 2.4 Dodging
 * Level 1.4 Stealth
 + Level 5.9 Unarmed Combat
   Level 1.1 Evocations


You had 2 spell levels left.
You didn't know any spells.
Your spell library was empty.

Dungeon Overview and Level Annotations

Branches:
Dungeon (3/15)

Altars:
Hepliaklqana


Innate Abilities, Weirdness & Mutations

You cannot wear armour.
You are incapable of wielding weapons or throwing items.
Your paws allow you to move quietly. (Stealth)
You have sharp claws.
You have razor-sharp teeth.
You have supernaturally acute eyesight. (SInv)
You are carnivorous and can eat meat at any time.
You cover ground quickly.
You are covered in fur. (AC +1)
You have a slow metabolism.
Your sharp claws are effective at attacking unaware monsters.


Message History

The orc wizard looks braver for a moment.
You closely miss the orc wizard.
You bite the orc wizard, but do no damage.
The orc wizard misses you.
You closely miss the orc wizard.
A hobgoblin comes into view. It is wielding a +0 club.
The orc wizard hits you with a +0 dagger.
You claw the orc wizard! The orc wizard barely misses you.
You scratch the orc wizard but do no damage.
The orc wizard closely misses you. The orc wizard casts a spell at you.
The puff of frost hits you!
Ouch! That really hurt!
* * * LOW HITPOINT WARNING * * *
You closely miss the orc wizard.
You bite the orc wizard, but do no damage.
The orc wizard casts a spell at you. The magic dart hits you!
Ouch! That really hurt!
You die...

#########..# #.....#
...o ........# #.....#
..... #########'##
#.....# .....o.
#..........#
#########..o.o)..
#..........#
.?......###+###
#..........# .......
#..........# .......
#..........######o......
#..............@oJo.g...
#################o......
....... ....... #######


You could see an orc wizard, an ooze, 3 orcs and a hobgoblin.

Vanquished Creatures
  An adder (D:3)
  A worm (D:2)
  3 dart slugs
  2 leopard geckos (D:2)
  2 giant cockroaches
  3 goblins
  5 hobgoblins
  2 quokkas (D:2)
  5 bats
  3 frilled lizards (D:1)
  4 kobolds (D:2)
  10 rats
41 creatures vanquished.

Notes
Turn   | Place    | Note
-------+----------+-------------------------------------------
     0 | D:1      | iamserjio the Felid Wanderer began the quest for the Orb.
     0 | D:1      | iamserjio set off with the following items: a scroll of
                  | fear, a scroll of blinking, a potion of lignification, a
                  | potion of curing {@q1}, a ration
     0 | D:1      | Reached XP level 1. HP: 10/10 MP: 2/2
   303 | D:1      | Reached skill level 1 in Dodging
   447 | D:1      | Reached XP level 2. HP: 14/14 MP: 3/3
   923 | D:2      | Found a hazy altar of Hepliaklqana.
  1254 | D:2      | Reached XP level 3. HP: 17/17 MP: 4/4
  2372 | D:3      | Killed from afar by an orc wizard

Levels and vault maps discovered:
D:1:      dpeg_arrival_snail, layout_loops_corners
D:2:      layout_basic, lemuel_doored_altar, first_ration,
          hangedman_decor_diamond_cutter, lemuel_another_geyser
D:3:      layout_basic, chequers_decorated_corner

Skill      XL: |  1  2  3 |
---------------+----------+-----
Dodging        | 1 2 |  2.4
Fighting       | |  3.0
Stealth        | |  1.4
Unarmed Combat | |  5.9
Evocations     | |  1.1

Action                   || total
-------------------------++-------
Melee: Unarmed           ||    90
       Bite              ||    14
       Punch             ||     1
  Use: Scroll            ||     6
 Stab: Sleeping          ||    11
       Distracted        ||     1
  Eat: Chunk             ||    10
Armor: Skin              ||     7
Dodge: Dodged            ||    72

Table legend:
 A = Non-vault XP
 B = Vault XP
 C = Vault XP percentage of total XP
 D = Non-vault monster count
 E = Vault monster count
 F = Vault count percentage of total count
                 A         B        C        D         E       F
            +---------+---------+-------+---------+---------+-------
      Total |      83 |       0 |   0.0 |      41 |       0 |   0.0
            +---------+---------+-------+---------+---------+-------
        D:1 |      19 |       0 |   0.0 |      12 |       0 |   0.0
        D:2 |      45 |       0 |   0.0 |      23 |       0 |   0.0
        D:3 |      19 |       0 |   0.0 |       6 |       0 |   0.0
            +---------+---------+-------+---------+---------+-------
